 Dungeon Crawl Stone Soup version 0.30-a0-1053-gbd8d5ba0ad (webtiles) character file.

Game seed: 8787061324075414255

47 Turgor the Ruffian (level 3, -6/20 HPs)
             Began as a Vine Stalker Fighter on Apr 11, 2023.
             Was a Believer of Cheibriados.
             Mangled by an ogre
             ... wielding a +0 giant spiked club
              (8 damage)
             ... on level 3 of the Dungeon.
             The game lasted 00:09:02 (1450 turns).

Turgor the Ruffian (Vine Stalker Fighter)           Turns: 1450, Time: 00:09:03

Health: -6/20      AC:  7    Str: 23    XL:     3   Next: 70%
Magic:  0/4        EV:  9    Int: 15    God:    Cheibriados [**....]
Gold:   73         SH:  5    Dex: 18    Spells: 2/2 levels left

rFire   . . .      SeeInvis .      - Unarmed
rCold   . . .      Faith    .    b - +0 buckler
rNeg    . . .      Spirit   +    a - +0 scale mail
rPois   .          Reflect  .    (no helmet)
rElec   .          Rampage  .    d - +0 cloak
rCorr   .                        (no gloves)
Will    .....                    (no boots) Stlth
                                 (no amulet)
HPRegen 0.23/turn                (no ring)
MPRegen 0.09/turn                (no ring)

@: invisible, very slow
A: fangs 2, magic shield, antimagic bite, no potion heal 2
a: Renounce Religion, Bend Time


You were on level 3 of the Dungeon.
You worshipped Cheibriados.
Cheibriados was pleased with you.
You visited 1 branch of the dungeon, and saw 3 of its levels.

You collected 73 gold pieces.

Inventory:

Missiles
 j - 13 stones
 m - 7 poisoned darts (quivered)
Armour
 a - a +0 scale mail (worn)
 b - a +0 buckler (worn)
 d - a +0 cloak (worn)
Scrolls
 g - a scroll of noise {unknown}
 k - 2 scrolls of teleportation {unknown}
Potions
 c - a potion of might
 h - a potion of mutation


   Skills:
 + Level 3.2 Fighting
 - Level 2.4 Armour
 - Level 2.6 Shields
 * Level 3.4 Unarmed Combat


You had 2 spell levels left.
You didn't know any spells.
Your spell library contained the following spells:

 Spells                   Type           Power      Damage    Failure   Level
 Poisonous Vapours        Pois/Air       0%         N/A       80%         2
 Mephitic Cloud           Conj/Pois/Air  0%         N/A       95%         3
 Ozocubu's Armour         Ice            0%         N/A       95%         3
 Vhi's Electric Charge    Tloc/Air       0%         N/A       95%         3
 Arcjolt                  Conj/Air       0%         1d10      100%        5
 Freezing Cloud           Conj/Ice/Air   0%         6-21      100%        5
 Metabolic Englaciation   Hex/Ice        0%         N/A       100%        5
 Plasma Beam              Fire/Air       0%         2x1d11    100%        6
 Simulacrum               Ice/Necr       0%         N/A       100%        6


Dungeon Overview and Level Annotations

Branches:
Dungeon (3/15)

Altars:
Cheibriados
Okawaru


Innate Abilities, Weirdness & Mutations

You have extremely sharp teeth.
When hurt, damage is shared between your health and your magic reserves.
Your bite disrupts and absorbs the magic of your enemies.
Potions cannot restore your health.


Message History

m - 11 poisoned darts (gained 5)
An ogre comes into view. It is wielding a +0 giant spiked club.
The ogre shouts!
Throw: 11 darts (poison)
Press: ? - help, Q - select action, (/) - cycle Shift-Dir - straight line, f - ogre
Aim: an ogre, wielding a +0 giant spiked club (76% to hit)
You throw a poisoned dart.
The poisoned dart barely misses the ogre.
Unknown command.
Throw: 10 darts (poison)
Press: ? - help, Q - select action, (/) - cycle Shift-Dir - straight line, f/p - ogre
Aim: an ogre, wielding a +0 giant spiked club (76% to hit)
You throw a poisoned dart. The poisoned dart hits the ogre.
The ogre is poisoned.
Unknown command.
Throw: 9 darts (poison)
Press: ? - help, Q - select action, (/) - cycle Shift-Dir - straight line, f/p - ogre
Aim: an ogre, wielding a +0 giant spiked club (poisoned, 76% to hit)
You throw a poisoned dart. The poisoned dart hits the ogre.
The ogre looks even sicker.
Unknown command.
Throw: 8 darts (poison)
Press: ? - help, Q - select action, (/) - cycle Shift-Dir - straight line, f/p - ogre
Aim: an ogre, wielding a +0 giant spiked club (very poisoned, 76% to hit)
You throw a poisoned dart.
The poisoned dart barely misses the ogre.
Unknown command.
You barely miss the ogre. You bite the ogre, but do no damage.
The ogre is lightly wounded.
The ogre closely misses you.
You hit the ogre.
The ogre is lightly wounded.
You barely miss the ogre.
The ogre is lightly wounded.
The ogre hits you with a +0 giant spiked club!!
Ouch! That really hurt!
* * * LOW HITPOINT WARNING * * *
You fade into invisibility!
The ogre hits you with a +0 giant spiked club!
You die...

###[..#.#
#.....###
#.###†###
#.......#
###.....#
#.....########
##............
#.†..........
#....@O.((..(
#....########
#..(.# #....#
#....# ######


You could see an ogre (unable to see you, very poisoned).

Vanquished Creatures
  2 worms (D:2)
  4 bats
  8 endoplasms (D:1)
  A giant cockroach (D:1)
  A goblin (D:1)
  5 hobgoblins
  3 ball pythons
  6 frilled lizards (D:1)
  5 kobolds
  7 rats
42 creatures vanquished.

Notes
Turn   | Place    | Note
-------+----------+-------------------------------------------
     0 | D:1      | Turgor the Vine Stalker Fighter began the quest for the
                  | Orb.
     0 | D:1      | Reached XP level 1. HP: 11/11 MP: 2/2
   139 | D:1      | Found a faded altar of an unknown god.
   151 | D:1      | Prayed at the altar of an unknown god.
   151 | D:1      | Became a worshipper of Cheibriados the Contemplative
   151 | D:1      | Reached * piety under Cheibriados
   212 | D:1      | Reached XP level 2. HP: 16/16 MP: 3/3
   576 | D:1      | Reached XP level 3. HP: 20/20 MP: 4/4
   685 | D:2      | Reached ** piety under Cheibriados
  1289 | D:2      | Found an iron altar of Okawaru.
  1442 | D:3      | Noticed an ogre
  1449 | D:3      | HP: 1/20 [ogre/+0 giant spiked club (19)]
  1450 | D:3      | Mangled by an ogre

Illustrated notes

Levels and vault maps discovered:
D:1:      matt_arrival_refuge, layout_rooms, shapermc_ecumenical_altar_venn
D:2:      layout_basic, basic_altar
D:3:      layout_basic, elyvilon_altar_4, gup_sewer_entry_bubbles

Skill      XL: |  1  2 |
---------------+-------+-----
Fighting       | 3 |  3.2
Unarmed Combat | 3 |  3.4
Armour         | |  2.4
Shields        | |  2.6

Action                     || total
---------------------------++-------
  Melee: Unarmed           ||   106
         Bite              ||    24
  Throw: Stone             ||     9
         Dart              ||     4
    Use: Scroll            ||     4
         Potion            ||     1
 Armour: Scale mail        ||    31
  Dodge: Dodged            ||    28
  Block: Buckler           ||    12

Table legend: (Time is in decaauts)
 A = Elapsed time spent in this place.
 B = Non-inter-level travel time spent in this place.
 C = Inter-level travel time spent in this place.
 D = Time resting spent in this place.
 E = Time spent auto-exploring this place.
 F = Levels seen in this place.
 G = Mean time per level.
                   A        B        C        D        E       F      G
               +--------+--------+--------+--------+--------+-----+--------+
         Total |   1929 |   1893 |     36 |      0 |   1434 |   3 |  643.0 |
       Dungeon |   1929 |   1893 |     36 |      0 |   1434 |   3 |  643.0 |
               +--------+--------+--------+--------+--------+-----+--------+

Top non-repeatable levels by time:
     D:2: 1119 daAuts
     D:1: 772 daAuts
     D:3: 38 daAuts
